 Dungeon Crawl Stone Soup version 0.31-a0-208-gdb31a4691d (webtiles) character file.

Game seed: 14809007730753141362

0 lunkers the Magician (level 1, -2/14 HPs)
             Began as a Meteoran Wanderer on June 28, 2023.
             Succumbed to a kobold's poison
             ... on level 1 of the Dungeon.
             The game lasted 00:00:27 (31 turns).

lunkers the Magician (Meteoran Wanderer)              Turns: 31, Time: 00:00:28

Health: -2/14      AC:  2    Str: 11    XL:     1   Next: 14%
Magic:  4/9        EV: 10    Int: 19    God:
Gold:   0          SH:  3    Dex:  9    Spells: 12/13 levels left

rFire   . . .        (no weapon)
rCold   . . .        d - +0 buckler
rNeg    . . .        c - +0 robe
rPois   .            (no helmet)
rElec   .            (no cloak)
rCorr   .            (no gloves)
SInv    .            (no boots)
Will    .....        (no amulet)
Stlth   +            (no ring)
HPRegen 0.22/turn    (no ring)
MPRegen 0.11/turn

%: no passive effects
@: lethally poisoned (-2 -> -13), very slightly contaminated, glowing
A: sense surroundings 1, otherworldly, glowing, explore regen
a: no special abilities


You were on level 1 of the Dungeon.
You visited 1 branch of the dungeon, and saw 1 of its levels.

Inventory:

Hand Weapons
 a - a +0 club
Armour
 c - a +0 robe (worn)
 d - a +0 buckler (worn)
Scrolls
 b - a scroll of blinking


   Skills:
 - Level 1.2 Shields
 * Level 0.2 Unarmed Combat
 - Level 6.6 Spellcasting
 - Level 4.8 Translocations


You had 12 spell levels left.
You knew the following spells:

 Your Spells              Type           Power      Damage    Failure   Level
a - Sting                 Tmut/Pois      24%        1d4       16%         1

Your spell library contained the following spells:

 Spells                   Type           Power      Damage    Failure   Level
 Apportation              Tloc           48%        N/A       2%          1
 Vhi's Electric Charge    Tloc/Air       30%        N/A       17%         3
 Spider Form              Tmut/Pois      6%         N/A       43%         3
 Iskenderun's Mystic Bla  Conj/Tloc      15%        2d5       50%         4


Dungeon Overview and Level Annotations

Branches:
Dungeon (1/15) Zot: 569

Altars:


Innate Abilities, Weirdness & Mutations

You passively map a small area around you.
You are easily found by Zot.
You glow in the dark.
You regain HP and MP as you explore.


Message History

A kobold is nearby!
Casting: Sting (safe; 16% risk of failure)
Confirm with . or Enter, or press ? or * to list all spells.
The sting misses the kobold.
The kobold throws a stone.
The stone hits you but does no damage.
Casting: Sting (safe; 16% risk of failure)
Confirm with . or Enter, or press ? or * to list all spells.
You miscast Sting.
You are very lightly contaminated with residual magic.
Nothing appears to happen.
The kobold throws a stone.
The stone closely misses you.
Casting: Sting (safe; 16% risk of failure)
Confirm with . or Enter, or press ? or * to list all spells.
The sting misses the kobold.
Casting: Sting (safe; 16% risk of failure)
Confirm with . or Enter, or press ? or * to list all spells.
The sting hits the kobold but does no damage.
The kobold is poisoned.
The kobold hits you with a +0 short sword of venom.
You are poisoned.
Casting: Sting (safe; 16% risk of failure)
Confirm with . or Enter, or press ? or * to list all spells.
The sting misses the kobold.
You feel very sick.
The kobold hits you with a +0 short sword of venom.
* * * LOW HITPOINT WARNING * * *
You are lethally poisoned!
Aiming: Sting (safe; 16% risk of failure)
Press: ? - help, Q - select action Shift-Dir - straight line, f/p - kobold
Aim: a kobold, wielding a +0 short sword of venom and quivering stones (severely wounded, poisoned, 60% to hit)
The sting hits the kobold.
The kobold looks even sicker.
You kill the kobold!
* * * LOW HITPOINT WARNING * * *
You feel very sick.
You aren't carrying any potions.
* * * LOW HITPOINT WARNING * * *
You feel very sick.
Things that are here:
a +0 short sword of venom; 3 stones; a kobold corpse You die...

#.###.#, ,, , , #.....#
* *, * # #.#.#.### , , ,
.# ........#
*########.###
#.#.#.#.#####..........#
.,#.#......##..........#
###.###.#.##+..........#
, ...<......#
#..........#
###.###.#.###..)@(.# ,
#.#............#.#
#.#.#.###......# # ,
......# #......# ,
#.#.### ######.#, ** *
.... #.# *,###, ** #.#
,,, #.# * , *


There were no monsters in sight!

Vanquished Creatures
  A kobold (D:1)
1 creature vanquished.

Notes
Turn   | Place    | Note
-------+----------+-------------------------------------------
     0 | D:1      | lunkers the Meteoran Wanderer began the quest for the Orb.
     0 | D:1      | lunkers set off with the following items: a +0 club, a
                  | scroll of blinking, a +0 robe, a +0 buckler; and the
                  | following spells available to memorise: Apportation, Sting,
                  | Vhi's Electric Charge, Spider Form, Iskenderun's Mystic
                  | Blast.
     0 | D:1      | Reached XP level 1. HP: 14/14 MP: 9/9
     2 | D:1      | Learned a level 1 spell: Sting
    31 | D:1      | Succumbed to a kobold's poison

Illustrated notes

Levels and vault maps discovered:
D:1:      roderic_chinese_lattice_arrival, layout_basic

Action                     || total
---------------------------++-------
   Cast: Sting             ||     5
 Armour: Robe              ||     1
  Dodge: Dodged            ||     1

Table legend: (Time is in decaauts)
 A = Elapsed time spent in this place.
 B = Non-inter-level travel time spent in this place.
 C = Inter-level travel time spent in this place.
 D = Time resting spent in this place.
 E = Time spent auto-exploring this place.
 F = Levels seen in this place.
 G = Mean time per level.
                   A        B        C        D        E       F      G
               +--------+--------+--------+--------+--------+-----+--------+
         Total |     30 |     30 |      0 |      0 |     18 |   1 |   30.0 |
       Dungeon |     30 |     30 |      0 |      0 |     18 |   1 |   30.0 |
               +--------+--------+--------+--------+--------+-----+--------+

Top non-repeatable levels by time:
     D:1: 30 daAuts
